Map: Cosmic Sapphire

Players

WAZPINATOR - Winner!

  • Race: Zerg Zerg
  • League: Diamond
  • Spawn Location: 5:00

MasterKang

  • Race: Terran Terran
  • League: Diamond
  • Spawn Location: 11:00

VOD

Have the link to the VOD?

Description

Time

  • Played on: Sept. 19, 2022, 3:03 a.m.
  • Length: 7:14
Show
View Real Time Build Order
Export as new Build Order

WAZPINATOR Zerg - Winner!

Build Orders: Hatch First 

Get SALT Encoding   

  12  0:00  Drone  
  13  0:12  Overlord  
  13  0:16  Drone  
  14  0:30  Drone x2  
  16  0:49  Hatchery  
  15  0:51  Drone  
  15  0:55  Drone  
  17  0:58  Drone  
  17  1:01  Extractor  
  17  1:15  Spawning Pool  
  17  1:17  Drone  
  17  1:20  Drone  
  18  1:28  Drone  
  19  1:38  Drone  
  20  1:49  Drone  
  21  1:57  Evolution Chamber  
  20  2:01  Drone x2  
  22  2:16  Drone x2  
  24  2:22  Zerg Melee Weapons Level 1  
  24  2:24  Queen, Drone x2  
  28  2:36  Overlord  
  28  2:38  Metabolic Boost  
  28  2:54  Queen  
  28  2:55  Drone x3  
  28  2:57  Hatchery  
  32  3:01  Drone x2  
  32  3:04  Overlord  
  34  3:08  Drone  
  35  3:27  Hatchery  
  35  3:28  Zergling x8  
  38  3:36  Drone  
  38  3:39  Drone  
  40  3:52  Zergling x2  
  40  3:53  Zergling x6  
  44  4:08  Overlord x2  
  44  4:13  Zergling x8  
  47  4:23  Zergling x2  
  47  4:24  Zergling x6  
  48  4:30  Zergling x2  
  44  4:31  Zergling x2  
  45  4:42  Zergling x18  
  46  4:54  Zergling x4  
  46  4:55  Zergling x4  
  49  5:01  Zergling x4  
  49  5:02  Zergling x2  
  49  5:03  Zergling x2  
  49  5:05  Zergling x6  
  55  5:08  Zergling x2  
  56  5:15  Zergling x6  
  56  5:18  Zergling x2  
  58  5:22  Zergling x2  
  58  5:24  Zergling x2  
  58  5:26  Zergling x2  
  57  5:35  Zergling x6  
  59  5:40  Drone x2  
  61  5:45  Drone  
  62  5:51  Drone x3  
  62  5:56  Queen  
  67  5:58  Drone x3  
  70  6:04  Spore Crawler  
  68  6:12  Drone x4  
  68  6:14  Overlord  
  72  6:25  Overlord x3  
  72  6:31  Spore Crawler  
  71  6:35  Zergling x14  
  78  6:44  Zergling x6  
  81  6:51  Zergling x12  
Show
View Real Time Build Order
Export as new Build Order

MasterKang Terran 

Build Orders: Hellion Opening 

Get SALT Encoding   

  12  0:00  SCV  
  13  0:12  SCV  
  14  0:18  Supply Depot  
  14  0:24  SCV  
  15  0:40  Barracks, SCV  
  16  0:44  Refinery  
  16  0:52  SCV  
  17  1:04  SCV  
  18  1:16  SCV  
  19  1:28  Supply Depot  
  19  1:30  Marine  
  19  1:31  Orbital Command  
  20  1:48  Marine, Factory  
  21  1:56  SCV  
  22  2:06  Barracks Reactor  
  22  2:09  SCV  
  23  2:21  SCV  
  23  2:22  Command Center  
  24  2:33  SCV  
  24  2:35  Supply Depot  
  25  2:46  SCV  
  25  2:48  Hellion x2  
  25  2:49  Barracks Tech Lab  
  30  2:59  Supply Depot, SCV  
  31  3:08  Marine  
  31  3:10  Hellion x2  
  36  3:17  SCV  
  37  3:21  Refinery  
  37  3:25  Barracks  
  37  3:31  Hellion  
  37  3:32  Hellion  
  41  3:39  SCV  
  42  3:45  Marine  
  43  3:51  Stimpack  
  43  3:53  Widow Mine  
  44  4:04  Orbital Command  
  44  4:05  SCV  
  44  4:09  Bunker  
  44  4:17  SCV  
  42  4:30  SCV  
  38  4:31  Widow Mine  
  38  4:32  Marine x2, Widow Mine  
  38  4:34  SCV  
  45  4:42  SCV  
  31  4:53  Hellion x2  
  31  4:55  SCV x2  
  31  4:59  Marine  
  36  5:07  SCV  
  36  5:08  SCV  
  34  5:14  Hellion x2  
  34  5:17  Marine  
  25  5:34  Marine  
  28  5:36  Hellion  
  28  5:48  SCV  
  29  5:57  Hellion  
  29  5:58  Hellion  
  29  5:59  Marine x2  
  35  6:17  Marine  
  36  6:21  Command Center  
  36  6:29  SCV  
  37  6:33  Hellion  
  37  6:34  Marine  
  40  6:42  Hellion, SCV  
Tags
 
Add a new tag
Caveats
  • Supply blocks, unpowered buildings, or Contaminate may cause inaccurate times.
  • Supply counts are checked every 10 seconds.